cohdb
Replays
Latest Replays
All Replays
Popular Replays
Top Player Replays
Match Explorer
How It Works
Community
CoH3 Stats
Reddit
Sign in to upload your games and track your stats! →
Sign in with Steam
Match 24057014
Unlisted
Match 24057014
Overview
Messages
Build Orders
End
Construct Barracks
Riflemen Squad
Riflemen Squad
M1 Mortar Team
Grenade Package
Riflemen Squad
Mechanized Support Center
Selects Armored Battlegroup
Selects Fast Deploy
Selects Veteran Crews
M1918 Browning Automatic Rifles
Riflemen Squad
Construct Motor Pool
Turtleboy
Cpt. Orgazmo
GoonLord
Alpini
iceman
Aleck
0
0
Comments
sign in to comment!
No comments posted yet!